Workbook

Sheet Costo
A1: CUÁNTO CUESTA TU TARJETA DE FIDELIDAD
A2: Antes de imprimir nada: completá lo amarillo y mirá qué parte de tu ganancia se lleva el premio.
A4: Tu programa | B4: Valor
A5: Compras (sellos) para ganar el premio | B5: 10
A6: Ticket promedio de cada compra | B6: 8000
A7: Lo que te cuesta a vos el premio (costo, no precio) | B7: 3500
A8: Margen bruto de tu negocio (%) | B8: 0.35
A9: Resultado | B9: Valor
A10: Lo que gasta el cliente para llegar al premio | B10: =B5*B6 -> 80000
A11: El premio equivale a un descuento de | B11: =IF(B10=0,0,B7/B10) -> 0.04375
A12: Ganancia bruta de esas compras | B12: =ROUND(B10*B8,0) -> 28000
A13: Ganancia que queda después del premio | B13: =B12-B7 -> 24500
A14: Parte de la ganancia que se lleva el premio | B14: =IF(B12=0,0,B7/B12) -> 0.125

Sheet Clientes
A1: REGISTRO DE SELLOS
A2: Un renglón por cliente. Sumá un sello por compra; cuando canjea, sumá 1 en "Premios canjeados".
A4: Cliente | B4: Teléfono | C4: Compras con sello | D4: Total gastado | E4: Premios canjeados | F4: Sellos disponibles | G4: ¿Tiene premio?
A5: Cliente A | C5: 23 | D5: 187000 | E5: 2 | F5: =IF(OR(A5="",Costo!$B$5<=0),"",C5-E5*Costo!$B$5) -> 3 | G5: =IF(F5="","",IF(F5>=Costo!$B$5,"Sí","No")) -> No
A6: Cliente B | C6: 10 | D6: 79500 | E6: 0 | F6: =IF(OR(A6="",Costo!$B$5<=0),"",C6-E6*Costo!$B$5) -> 10 | G6: =IF(F6="","",IF(F6>=Costo!$B$5,"Sí","No")) -> Sí
A7: Cliente C | C7: 4 | D7: 33000 | E7: 0 | F7: =IF(OR(A7="",Costo!$B$5<=0),"",C7-E7*Costo!$B$5) -> 4 | G7: =IF(F7="","",IF(F7>=Costo!$B$5,"Sí","No")) -> No
A8: Cliente D | C8: 17 | D8: 141000 | E8: 1 | F8: =IF(OR(A8="",Costo!$B$5<=0),"",C8-E8*Costo!$B$5) -> 7 | G8: =IF(F8="","",IF(F8>=Costo!$B$5,"Sí","No")) -> No
A9: Cliente E | C9: 31 | D9: 256000 | E9: 3 | F9: =IF(OR(A9="",Costo!$B$5<=0),"",C9-E9*Costo!$B$5) -> 1 | G9: =IF(F9="","",IF(F9>=Costo!$B$5,"Sí","No")) -> No
A10: Cliente F | C10: 9 | D10: 70500 | E10: 0 | F10: =IF(OR(A10="",Costo!$B$5<=0),"",C10-E10*Costo!$B$5) -> 9 | G10: =IF(F10="","",IF(F10>=Costo!$B$5,"Sí","No")) -> No
F11: =IF(OR(A11="",Costo!$B$5<=0),"",C11-E11*Costo!$B$5) | G11: =IF(F11="","",IF(F11>=Costo!$B$5,"Sí","No"))
F12: =IF(OR(A12="",Costo!$B$5<=0),"",C12-E12*Costo!$B$5) | G12: =IF(F12="","",IF(F12>=Costo!$B$5,"Sí","No"))
F13: =IF(OR(A13="",Costo!$B$5<=0),"",C13-E13*Costo!$B$5) | G13: =IF(F13="","",IF(F13>=Costo!$B$5,"Sí","No"))
F14: =IF(OR(A14="",Costo!$B$5<=0),"",C14-E14*Costo!$B$5) | G14: =IF(F14="","",IF(F14>=Costo!$B$5,"Sí","No"))
F15: =IF(OR(A15="",Costo!$B$5<=0),"",C15-E15*Costo!$B$5) | G15: =IF(F15="","",IF(F15>=Costo!$B$5,"Sí","No"))
F16: =IF(OR(A16="",Costo!$B$5<=0),"",C16-E16*Costo!$B$5) | G16: =IF(F16="","",IF(F16>=Costo!$B$5,"Sí","No"))
F17: =IF(OR(A17="",Costo!$B$5<=0),"",C17-E17*Costo!$B$5) | G17: =IF(F17="","",IF(F17>=Costo!$B$5,"Sí","No"))
F18: =IF(OR(A18="",Costo!$B$5<=0),"",C18-E18*Costo!$B$5) | G18: =IF(F18="","",IF(F18>=Costo!$B$5,"Sí","No"))
F19: =IF(OR(A19="",Costo!$B$5<=0),"",C19-E19*Costo!$B$5) | G19: =IF(F19="","",IF(F19>=Costo!$B$5,"Sí","No"))
F20: =IF(OR(A20="",Costo!$B$5<=0),"",C20-E20*Costo!$B$5) | G20: =IF(F20="","",IF(F20>=Costo!$B$5,"Sí","No"))
F21: =IF(OR(A21="",Costo!$B$5<=0),"",C21-E21*Costo!$B$5) | G21: =IF(F21="","",IF(F21>=Costo!$B$5,"Sí","No"))
F22: =IF(OR(A22="",Costo!$B$5<=0),"",C22-E22*Costo!$B$5) | G22: =IF(F22="","",IF(F22>=Costo!$B$5,"Sí","No"))
... F64: =IF(OR(A64="",Costo!$B$5<=0),"",C64-E64*Costo!$B$5) | G64: =IF(F64="","",IF(F64>=Costo!$B$5,"Sí","No"))
A66: Clientes con tarjeta | B66: =COUNTA(A5:A64) -> 6
A67: Con premio para canjear | B67: =COUNTIF(G5:G64,"Sí") -> 1
A68: Premios ya canjeados | B68: =SUM(E5:E64) -> 6
A69: Costo de los premios canjeados | B69: =B68*Costo!B7 -> 21000
A70: Vendido a clientes con tarjeta | B70: =SUM(D5:D64) -> 767000
